 Dungeon Crawl Stone Soup version 0.27-a0-1200-g94dc6ad4cf (webtiles) character file.

Game seed: 4995456681202569373

169 zezblit the Cudgeller (level 5, -9/46 HPs)
             Began as a Minotaur Fighter on May 31, 2021.
             Succumbed to a scorpion's poison
             ... on level 3 of the Dungeon.
             The game lasted 00:13:56 (2274 turns).

zezblit the Cudgeller (Minotaur Fighter)            Turns: 2274, Time: 00:13:57

Health: -9/46      AC: 10    Str: 22    XL:     5   Next: 25%
Magic:  4/4        EV:  7    Int:  5    God:
Gold:   100        SH:  9    Dex:  9    Spells: 4/4 levels left

rFire    . . .     SeeInvis .   a - +1 flail (protect)
rCold    . . .     Faith    .   c - +0 kite shield
rNeg     . . .     Spirit   .   b - +0 scale mail
rPois    .         Reflect  .   (helmet restricted)
rElec    .         Harm     .   (no cloak)
rCorr    .         Rampage  .   (no gloves)
Will     .....                  (no boots)
Stlth    ..........             (no amulet)
HPRegen  0.15/turn              (no ring)
MPRegen  0.09/turn              (no ring)

@: lethally poisoned (-9 -> -46), about to teleport, corroded, under a
protective aura
A: horns 2, retaliatory headbutt
a: no special abilities


You were on level 3 of the Dungeon.
You visited 1 branch of the dungeon, and saw 4 of its levels.

You collected 100 gold pieces.

Inventory:

Hand Weapons
 a - a +1 flail of protection (weapon)
 g - a +0 spear
Missiles
 o - 2 silver boomerangs (quivered)
 t - 5 atropa-tipped darts
 u - 5 silver javelins
Armour
 b - a +0 scale mail (worn)
 c - a +0 kite shield (worn)
 n - a +0 ring mail
Scrolls
 e - 2 scrolls of enchant weapon
 j - a scroll of amnesia {unknown}
 k - a scroll of magic mapping {unknown}
 m - a scroll of identify {unknown}
 p - a scroll of brand weapon
 r - a scroll of fear {unknown}
 s - a scroll of summoning {unknown}
Potions
 d - a potion of might
 h - 2 potions of resistance {unknown}
 i - 2 potions of berserk rage {unknown}
 l - a potion of flight {unknown}
 q - a potion of curing {unknown}
 v - a potion of degeneration {unknown}
 w - a potion of attraction {unknown}


   Skills:
 + Level 4.2 Fighting
 * Level 4.9 Maces & Flails
 + Level 0.5 Throwing
 + Level 4.4 Armour
 + Level 0.8 Dodging
 + Level 4.2 Shields


You had 4 spell levels left.
You didn't know any spells.
Your spell library was empty.

Dungeon Overview and Level Annotations

Branches:
Dungeon (4/15)
 Temple: D:4-7

Altars:

Shops:
D:1 (


Innate Abilities, Weirdness & Mutations

You have a pair of horns on your head.
You reflexively headbutt those who attack you in melee.


Message History

The jackal barks!
You headbutt the scorpion.
The scorpion is moderately wounded.
You feel very sick.
A jackal comes into view.
The scorpion completely misses you. You furiously retaliate!
You headbutt the scorpion! You block the adder's attack.
The scorpion stings you but does no damage.
You feel very sick.
The jackal barks!
You hear a bark!
The adder bites you. You block the scorpion's attack. The jelly hits you.
The acid corrodes you!
You are splashed with acid!
You block the jackal's attack.
You climb upwards.
You feel very sick.
There is a stone staircase leading down here.
As you read the scroll of teleportation, it crumbles to dust.
You feel strangely unstable.
You feel sick. You block the adder's attack. You block the scorpion's attack.
The adder bites you.
* * * LOW HITPOINT WARNING * * *
You are more poisoned.
The adder poisons you!
You completely miss the scorpion.
The scorpion is almost dead.
You feel very sick. The scorpion stings you!
* * * LOW HITPOINT WARNING * * *
You are more poisoned.
The scorpion poisons you! The adder bites you.
* * * LOW HITPOINT WARNING * * *
You are more poisoned.
The adder poisons you! The scorpion stings you.
* * * LOW HITPOINT WARNING * * *
You are more poisoned.
The scorpion poisons you!
You hit the scorpion.
Your weapon exudes an aura of protection.
You headbutt the scorpion.
You kill the scorpion!
You die...

#. ## #.# ##.# # #.# ..#
#!# ..# #.# ..# #.###.#
#.# #...<.# #J# #######
#†# #@# ##### #S#
..#.###### #.#
#.#..†...#######.#
#.#....#.##......#
#.####.#.##.##############
#.# #.#.##..)...........#
#.# #†#.....###########.#
..####.#####.# #.#


You could see a jelly and an adder.

Vanquished Creatures
  An ogre (D:3)
  A scorpion (D:3)
  A gnoll (D:1)
  2 adders (D:2)
  A worm (D:2)
  2 dart slugs
  An orc (D:3)
  2 ball pythons
  6 endoplasms
  A giant cockroach (D:1)
  3 goblins
  6 hobgoblins
  4 jackals (D:2)
  A quokka (D:1)
  6 bats
  3 frilled lizards
  3 kobolds (D:1)
  A rat (D:2)
45 creatures vanquished.

Notes
Turn   | Place    | Note
-------+----------+-------------------------------------------
     0 | D:1      | zezblit the Minotaur Fighter began the quest for the Orb.
     0 | D:1      | Reached XP level 1. HP: 19/19 MP: 0/0
    31 | D:1      | Reached XP level 2. HP: 14/27 MP: 1/1
   321 | D:1      | Found Doufop's Weapon Shop.
   541 | D:1      | Reached XP level 3. HP: 19/33 MP: 2/2
  1372 | D:2      | Found a faded altar of an unknown god.
  1451 | D:2      | Reached XP level 4. HP: 28/40 MP: 3/3
  2026 | D:3      | Noticed an ogre
  2029 | D:3      | Killed an ogre
  2030 | D:3      | Reached XP level 5. HP: 33/46 MP: 4/4
  2273 | D:3      | HP: 2/46 [adder (1)]
  2274 | D:3      | Succumbed to a scorpion's poison

Illustrated notes

Levels and vault maps discovered:
D:1:      dpeg_arrival_pits, layout_basic, serial_shops, shop, minmay_bisected
D:2:      layout_loops_cross, basic_ecumenical_altar
D:3:      minmay_razor_zed, layout_basic
D:4:      layout_rooms, chequers_serial_rivers_micro_e,
          kennysheep_big_empty_room, uniq_blork_the_orc, uniq_robin

Skill      XL: |  1  2  3  4 |
---------------+-------------+-----
Armour         | 4 |  4.4
Shields        | 4 |  4.2
Fighting       | 4 |  4.2
Maces & Flails | 3 4 |  4.9
Throwing       | |  0.5
Dodging        | |  0.8

Action                   |  1- 3 |  4- 6 || total
-------------------------+-------+-------++-------
Melee: Flail             |    67 |    24 ||    91
       Headbutt          |     8 |     4 ||    12
Throw: Boomerang         |     5 |       ||     5
  Use: Scroll            |       |     4 ||     4
Armor: Scale mail        |    36 |    12 ||    48
Dodge: Dodged            |    15 |     4 ||    19
Block: Kite shield       |    37 |    13 ||    50

Table legend: (Time is in decaauts)
 A = Elapsed time spent in this place.
 B = Non-inter-level travel time spent in this place.
 C = Inter-level travel time spent in this place.
 D = Time resting spent in this place.
 E = Time spent auto-exploring this place.
 F = Levels seen in this place.
 G = Mean time per level.
                   A        B        C        D        E       F      G
               +--------+--------+--------+--------+--------+-----+--------+
         Total |   2323 |   2232 |     91 |    469 |   1345 |   4 |  580.8 |
       Dungeon |   2323 |   2232 |     91 |    469 |   1345 |   4 |  580.8 |
               +--------+--------+--------+--------+--------+-----+--------+

Top non-repeatable levels by time:
     D:1: 1070 daAuts
     D:2: 695 daAuts
     D:3: 549 daAuts
     D:4: 7 daAuts
